 Dungeon Crawl Stone Soup version 0.32-a0-938-g40ac7a0 (webtiles) character file.

Game seed: 16890368236901734494

7 Xerrl the Sneak (level 1, -1/18 HPs)
             Began as a Demonspawn Delver on Apr 21, 2024.
             Slain by a scorpion zombie (5 damage)
             ... on level 5 of the Dungeon.
             The game lasted 00:00:31 (94 turns).

Xerrl the Sneak (Demonspawn Delver)                   Turns: 94, Time: 00:00:31

Health: -1/18      AC:  3    Str: 12    XL:     1   Next: 91%
Magic:  1/1        EV: 11    Int: 10    God:
Gold:   0          SH:  0    Dex: 14    Spells: 0/0 levels left

rFire   . . .        a - +0 falchion
rCold   . . .        (no shield)
rNeg    . . .        b - +0 leather armour
rPois   .            (no helmet)
rElec   .            (no cloak)
rCorr   .            (no gloves)
SInv    .            (no boots)
Will    .....        (no amulet)
Stlth   ++           (no ring)
HPRegen 0.23/turn    (no ring)
MPRegen 0.07/turn

%: no passive effects
@: no status effects
A: no striking features
a: no special abilities


You were on level 5 of the Dungeon.
You visited 1 branch of the dungeon, and saw 1 of its levels.

Inventory:

Hand Weapons
 a - a +0 falchion (weapon)
Armour
 b - a +0 leather armour (worn)
Wands
 g - a wand of digging (3)
Scrolls
 c - a scroll of fog
 d - a scroll of revelation
 e - a scroll of fear
Potions
 f - a potion of haste


   Skills:
 * Level 3.3 Fighting
 - Level 1.7 Long Blades
 + Level 0.1 Armour
 * Level 2.0 Dodging
 - Level 4.5 Stealth


You couldn't memorise any spells.
You didn't know any spells.
Your spell library was empty.

Dungeon Overview and Level Annotations

Branches:
Dungeon (5/15)
 Temple: D:4-7

Altars:

Portals:
Ossuary: D:5


Message History

A scorpion zombie comes into view.
You hit the scorpion zombie.
The scorpion zombie is lightly damaged.
The scorpion zombie hits you.
You hit the scorpion zombie.
The scorpion zombie is moderately damaged.
The scorpion zombie hits you but does no damage.
You hit the scorpion zombie.
The scorpion zombie is moderately damaged.
The scorpion zombie closely misses you. The scorpion zombie hits you.
* * * LOW HITPOINT WARNING * * *
You hit the scorpion zombie.
The scorpion zombie is moderately damaged.
The scorpion zombie closely misses you.
You hit the scorpion zombie.
The scorpion zombie is heavily damaged.
The scorpion zombie hits you but does no damage.
You hit the scorpion zombie but do no damage.
The scorpion zombie is heavily damaged.
The scorpion zombie hits you.
* * * LOW HITPOINT WARNING * * *
You hit the scorpion zombie but do no damage.
The scorpion zombie is heavily damaged.
The scorpion zombie closely misses you.
You hit the scorpion zombie but do no damage.
The scorpion zombie is heavily damaged.
You hear the slow rusting of a drain very nearby.
You hear the slow hiss of an avalanche of sand.
The scorpion zombie hits you.
* * * LOW HITPOINT WARNING * * *
The scorpion zombie closely misses you.
Okay, then.
Okay, then.
You hit the scorpion zombie.
The scorpion zombie is heavily damaged.
The scorpion zombie hits you but does no damage.
You hit the scorpion zombie.
The scorpion zombie is heavily damaged.
The scorpion zombie hits you.
You die...

.. #. ######## #.
........ #. ........
#. .....# ##### #.
...+ #...# #.
#.###Z∩.# #...# ###.
#.'..@..# +...# #...
#.#########...#
##.## ##..#
#.....####..#
##.#+#+#.......#..##
##..........#.#.##
#..........#.#.#
##...........>.#
#.........#####
#...#######


You could see a scorpion zombie.

Vanquished Creatures
  An adder zombie (D:5)
  An adder skeleton (D:5)
2 creatures vanquished.

Notes
Turn   | Place    | Note
-------+----------+-------------------------------------------
     0 | D:5      | Xerrl the Demonspawn Delver began the quest for the Orb.
     0 | D:5      | Reached XP level 1. HP: 18/18 MP: 1/1
    11 | D:5      | Noticed a water moccasin
    46 | D:5      | Found a sand-covered staircase.
    94 | D:5      | Slain by a scorpion zombie

Illustrated notes

Levels and vault maps discovered:
D:5:      layout_basic, overflow_temple_1_default, portal_sewer_entry_d,
          mainiacjoe_ossuary_entry_find_the_door

Skill      XL: |  1 |
---------------+----+-----
Dodging        | 2 |  2.0
Fighting       | |  3.3
Long Blades    | |  1.7
Armour         | |  0.1
Stealth        | |  4.5

Action                     || total
---------------------------++-------
  Melee: Falchion          ||    39
 Armour: Leather armour    ||    26
  Dodge: Dodged            ||    23

Table legend: (Time is in decaauts)
 A = Elapsed time spent in this place.
 B = Non-inter-level travel time spent in this place.
 C = Inter-level travel time spent in this place.
 D = Time resting spent in this place.
 E = Time spent auto-exploring this place.
 F = Levels seen in this place.
 G = Mean time per level.
                   A        B        C        D        E       F      G
               +--------+--------+--------+--------+--------+-----+--------+
         Total |    102 |    102 |      0 |      0 |     29 |   1 |  102.0 |
       Dungeon |    102 |    102 |      0 |      0 |     29 |   1 |  102.0 |
               +--------+--------+--------+--------+--------+-----+--------+

Top non-repeatable levels by time:
     D:5: 102 daAuts
